 Dungeon Crawl Stone Soup version 0.20.1-1-g8b1a95d (webtiles) character file.

11864 elite277 the Nimble (level 12, -6/92 HPs)
             Began as a Human Gladiator on Aug 17, 2017.
             Was an Elder of Nemelex Xobeh.
             Mangled by a sixfirhy (11 damage)
             ... summoned by an orc sorcerer
             ... on level 2 of the Orcish Mines on Aug 18, 2017.
             The game lasted 02:19:36 (10375 turns).

elite277 the Nimble (Human Gladiator)              Turns: 10375, Time: 02:19:37

Health: -6/92      AC: 19    Str: 20      XL:     12   Next: 13%
Magic:  16/16      EV: 13    Int:  7 (8)  God:    Nemelex Xobeh [****..]
Gold:   1091       SH:  6    Dex: 18      Spells: 12/17 levels left

rFire    x . .     SeeInvis .   n - +4 spear (distort)
rCold    + . .     Gourm    .   E - +0 buckler
rNeg     . . .     Faith    +   T - +2 chain mail {MR+}
rPois    +         Spirit   .   S - +0 helmet
rElec    .         Reflect  .   v - +0 cloak
rCorr    .         Harm     .   x - +0 pair of gloves
MR       +....                  P - +1 pair of boots
Stlth    ..........             o - amulet of faith
Regen    0.3/turn               e - +3 ring of strength
MPRegen  0.2/turn               y - ring of ice

@: slowed, very slow
A: fangs 1, poison resistance
a: Triple Draw, Deal Four, Renounce Religion


You were on level 2 of the Orcish Mines.
You worshipped Nemelex Xobeh.
Nemelex Xobeh was greatly pleased with you.
You were not hungry.

You visited 3 branches of the dungeon, and saw 14 of its levels.

You collected 1208 gold pieces.
You spent 117 gold pieces at shops.

Inventory:

Hand Weapons
 n - a +4 spear of distortion (weapon)
Missiles
 d - 2 throwing nets
 O - 30 poisoned needles
 R - 5 tomahawks (quivered)
 Y - 6 needles of sleeping
 Z - 2 steel tomahawks
Armour
 v - a +0 cloak (worn)
 x - a +0 pair of gloves (worn)
 E - a +0 buckler (worn)
 L - a +0 troll leather armour
 P - a +1 pair of boots (worn)
 S - a +0 helmet (worn)
 T - a +2 chain mail of magic resistance (worn)
Jewellery
 e - a +3 ring of strength (left hand)
 o - an amulet of faith (around neck)
 s - an uncursed amulet of regeneration
 y - a ring of ice (right hand)
Wands
 p - a wand of lightning (4/15)
 z - a wand of flame (35/48)
 F - a wand of paralysis (15/24)
 M - a wand of disintegration (9/24)
Scrolls
 k - 8 scrolls of identify
 r - a scroll of noise
 w - 2 scrolls of amnesia
 D - 2 scrolls of fear
 G - 3 scrolls of magic mapping
 J - 8 scrolls of remove curse
 K - 5 scrolls of teleportation
Potions
 a - a potion of magic
 c - a potion of resistance {unknown}
 h - a potion of agility
 i - 2 potions of curing
 j - a potion of cancellation
 q - 2 potions of mutation
 u - 2 potions of lignification
 B - 3 potions of haste
 I - 2 potions of flight
Books
 b - a book of Misfortune

   Spells                             Type                      Level
   a - Confusing Touch                Hexes                        1
   b - Confuse                        Hexes                        3
   c - Gell's Gravitas                Translocation                3
   d - Petrify                        Transmutation/Earth          4
   e - Metabolic Englaciation         Hexes/Ice                    5
   f - Yara's Violent Unravelling     Hexes/Transmutation          5
 H - a book of Changes

   Spells                             Type                      Level
   a - Beastly Appendage              Transmutation                1
   b - Sticks to Snakes               Transmutation                2
   c - Spider Form                    Transmutation/Poison         3
   d - Ice Form                       Ice/Transmutation            4
   e - Blade Hands                    Transmutation                5
 W - a book of Party Tricks

   Spells                             Type                      Level
   a - Summon Butterflies             Summoning                    1
   b - Apportation                    Translocation                1
   c - Lesser Beckoning               Translocation                3
   d - Tukima's Dance                 Hexes                        3
   e - Alistair's Intoxication        Transmutation/Poison         5
   f - Invisibility                   Hexes                        6
Miscellaneous
 l - a lightning rod (4/4)
 m - a plain deck of destruction {drawn: 5}
 t - a legendary deck of summoning {drawn: 5}
 N - an ornate deck of summoning {drawn: 6}
 U - an ornate deck of escape
 V - a plain deck of escape {drawn: 7}
 X - an ornate deck of summoning {drawn: 2}
Comestibles
 f - 7 bread rations
 g - 9 royal jellies
 C - 4 meat rations


   Skills:
 + Level 7.7 Fighting
 - Level 8.0 Polearms
 - Level 2.0 Throwing
 + Level 8.2 Armour
 - Level 9.0 Dodging
 - Level 6.0 Shields
 - Level 2.0 Unarmed Combat
 + Level 3.1 Spellcasting
 + Level 2.9 Hexes
 + Level 2.6 Translocations
 - Level 2.0 Invocations
 - Level 4.0 Evocations


You had 12 spell levels left.
You knew the following spells:

 Your Spells              Type           Power        Failure   Level  Hunger
a - Apportation           Tloc           #.....       65%         1    ##.....
b - Tukima's Dance        Hex            #.......     94%         3    ####...
c - Confusing Touch       Hex            #.....       63%         1    ##.....


Dungeon Overview and Level Annotations

Branches:
Dungeon (11/15)            Temple (1/1) D:5            Lair (0/6) D:8
    Orc (2/2) D:9
    Elf: Orc:2

Altars:
Ashenzari
Cheibriados
Dithmenos
Elyvilon
Fedhas
Gozag
Hepliaklqana
Kikubaaqudgha
Makhleb
Nemelex Xobeh
Okawaru
Qazlal
Ru
Sif Muna
Trog
Uskayaw
Vehumet
Xom
Yredelemnul
Zin
The Shining One
Beogh

Shops:
D:4 [   D:10 !   D:11 =

Annotations:
D:5 Erac's ghost, novice OgFE


Innate Abilities, Weirdness & Mutations

You have very sharp teeth.
Your system is resistant to poisons. (rPois)


Message History

* * * LOW HITPOINT WARNING * * *
You block the vampire mosquito's attack.
The sixfirhy hits you but does no damage.
Your reaper hits the vampire mosquito with an antimagic scythe!!!
The vampire mosquito is destroyed!
The vampire mosquito's corpse disappears in a puff of smoke!
The orc sorcerer points at you and mumbles some strange words.
The bolt of fire hits you! The fire burns you terribly!
* * * LOW HITPOINT WARNING * * *
Okay, then.
Evoke which item? (* to show all) (? for menu, Esc to quit)
Okay, then.
Okay, then.
Okay, then.
Okay, then.
You feel better. The sixfirhy hits you.
* * * LOW HITPOINT WARNING * * *
The sixfirhy shocks you!
You die...
Your body glows with a rainbow of weird colours and disappears.

......#.##.###)#### .
........)...#))#.8##'##
######)..o#)8)'...†...
#....')..#)45.'))).).8
#_...#)oo§o38)(.......
..######)o##o#.)#)8##'##
#.......).#o()#.####
#...####..3§2..#..#
#.#...###...@.o&###.#
...........(...### ..
##..........##.##.###..
#....##....##......# ###
#.........##.#.##.##
##........)....#####
#.....#.......##
#.....#......# ##
##...........###.#


You could see an orc high priest, a sixfirhy, a neqoxec, a chaos spawn, an orc
sorcerer, an orc warrior, an iron imp, an orc wizard, 3 orcs, the friendly
Itiluhu and a friendly reaper.

Vanquished Creatures
  An orc knight (Orc:1)
  Maurice (D:10)
  A queen bee (D:9)
  Grinder (D:3)
  A troll (D:9)
  A hippogriff (D:9)
  A wyvern (D:8)
  9 yaks
  A warg (Orc:2)
  5 orc warriors
  An ice beast (D:9)
  3 sky beasts
  4 ogres
  A black bear (D:11)
  2 necrophages
  A centaur (D:5)
  3 bullfrogs
  4 scorpions
  12 killer bees
  4 wights
  3 howler monkeys
  2 crimson imps
  6 hounds
  2 bullfrog skeletons
  A gnoll shaman (D:5)
  7 orc priests
  A centaur skeleton (D:8)
  5 iguanas
  7 orc wizards
  4 worker ants
  A killer bee zombie (D:6)
  A hound skeleton (D:6)
  2 hound zombies
  3 worker ant zombies
  A howler monkey zombie (D:10)
  7 gnolls
  9 adders
  3 shadow imps
  2 adder zombies
  A worm (D:3)
  4 dart slugs
  5 leopard geckos
  61 orcs
  A bat zombie (D:4)
  3 giant cockroaches
  6 goblins
  10 hobgoblins
  7 jackals
  4 quokkas
  5 bats
  5 frilled lizards
  7 kobolds
  6 rats
249 creatures vanquished.

Vanquished Creatures (collateral kills)
  An orc warlord (Orc:2)
  A stone giant (Orc:1)
  An orc knight (Orc:2)
  2 orc sorcerers
  2 trolls (Orc:2)
  5 yaks (D:10)
  A warg (Orc:2)
  10 orc warriors (Orc:2)
  A black bear (D:9)
  An ogre (Orc:1)
  5 killer bees (D:9)
  8 orc priests (Orc:2)
  4 orc wizards (Orc:2)
  A centaur skeleton (D:9)
  25 orcs
68 creatures vanquished.

Vanquished Creatures (others)
  A hippogriff (D:9)
  A yak (D:10)
  A hungry ghost (D:11)
  Grum (D:8)
  A sky beast (D:5)
  2 orc warriors
  An ice beast (D:5)
  A human (D:10)
  3 ogres
  A wolf (D:8)
  A bullfrog (D:9)
  A killer bee (D:9)
  A wight (D:9)
  A howler monkey (D:10)
  2 crimson imps
  A hound (D:11)
  An iguana (D:7)
  A worker ant (D:3)
  3 orc wizards
  2 gnolls
  An adder skeleton (D:7)
  A worm (D:6)
  4 orcs
  A goblin (D:2)
  A hobgoblin (D:1)
35 creatures vanquished.

Grand Total: 352 creatures vanquished

Notes
Turn   | Place    | Note
-------+----------+-------------------------------------------
     0 | D:1      | elite277 the Human Gladiator began the quest for the Orb.
     0 | D:1      | Reached XP level 1. HP: 16/16 MP: 1/1
    87 | D:1      | Reached XP level 2. HP: 22/22 MP: 2/2
   144 | D:1      | Reached skill level 1 in Armour
   288 | D:1      | Reached XP level 3. HP: 28/28 MP: 3/3
   910 | D:2      | Reached XP level 4. HP: 34/34 MP: 4/4
  1685 | D:3      | Noticed Grinder
  1703 | D:3      | Paralysed by Grinder for 4 turns
  1741 | D:3      | Paralysed by Grinder for 4 turns
  1749 | D:3      | Killed Grinder
  1749 | D:3      | Reached skill level 4 in Dodging
  1749 | D:3      | Reached XP level 5. HP: 28/42 MP: 5/5
  1749 | D:3      | Reached XP level 6. HP: 32/48 MP: 6/6
  1952 | D:3      | Reached skill level 5 in Dodging
  2169 | D:3      | Reached XP level 7. HP: 46/54 MP: 7/7
  2274 | D:3      | Reached skill level 1 in Shields
  2575 | D:4      | Found a shadowy altar of Dithmenos.
  2768 | D:4      | Found Zyvyll's Armour Shoppe.
  3319 | D:4      | Found an ancient bone altar of Kikubaaqudgha.
  3371 | D:5      | Entered Level 5 of the Dungeon
  3467 | D:5      | Reached XP level 8. HP: 54/61 MP: 8/8
  3575 | D:5      | Noticed Erac's ghost (novice OgFE)
  3598 | D:5      | Found a staircase to the Ecumenical Temple.
  3654 | Temple   | Entered the Ecumenical Temple
  3781 | Temple   | Became a worshipper of Nemelex Xobeh the Trickster
  3912 | D:5      | Received a gift from Nemelex Xobeh
  3987 | D:5      | Reached skill level 5 in Fighting
  3987 | D:5      | Reached skill level 6 in Dodging
  4219 | D:6      | Reached * piety under Nemelex Xobeh
  4449 | D:6      | Received a gift from Nemelex Xobeh
  4924 | D:7      | Reached skill level 5 in Armour
  4924 | D:7      | Reached XP level 9. HP: 68/68 MP: 9/9
  5369 | D:7      | Noticed a two-headed ogre
  5478 | D:7      | Received a gift from Nemelex Xobeh
  5592 | D:7      | Reached ** piety under Nemelex Xobeh
  6390 | D:8      | Found a staircase to the Lair.
  6410 | D:8      | Noticed Grum
  6430 | D:8      | Found a shadowy altar of Dithmenos.
  6430 | D:8      | Found a bloodstained altar of Trog.
  6448 | D:8      | Reached skill level 5 in Shields
  6493 | D:8      | Received a gift from Nemelex Xobeh
  6688 | D:8      | Reached skill level 5 in Polearms
  6688 | D:8      | Reached skill level 7 in Dodging
  6716 | D:8      | Killed Grum
  6716 | D:8      | Reached skill level 1 in Invocations
  6930 | D:9      | Reached XP level 10. HP: 70/77 MP: 11/11
  7031 | D:9      | Reached skill level 1 in Evocations
  7106 | D:9      | Reached *** piety under Nemelex Xobeh
  7150 | D:9      | Received a gift from Nemelex Xobeh
  7406 | D:9      | Received a gift from Nemelex Xobeh
  8021 | D:9      | Found a staircase to the Orcish Mines.
  8054 | D:9      | Reached skill level 8 in Dodging
  8079 | Orc:1    | Entered Level 1 of the Orcish Mines
  8109 | Orc:1    | Noticed a stone giant
  8404 | Orc:1    | Noticed an orc sorcerer
  8404 | Orc:1    | Paralysed by an orc sorcerer for 4 turns
  8441 | D:9      | Reached XP level 11. HP: 60/84 MP: 12/14
  8617 | D:10     | Entered Level 10 of the Dungeon
  8800 | D:10     | Noticed Maurice
  8876 | D:10     | Gained mutation: You have very sharp teeth. [potion of mutation]
  8876 | D:10     | Gained mutation: Your system is resistant to poisons. (rPois) [potion of mutation]
  8906 | D:10     | Reached **** piety under Nemelex Xobeh
  8941 | D:10     | Killed Maurice
  9020 | D:10     | Found an ancient bone altar of Kikubaaqudgha.
  9209 | D:10     | Found Meerrai's Distillery.
  9215 | D:10     | Bought a potion of lignification for 39 gold pieces
  9215 | D:10     | Bought a potion of curing for 39 gold pieces
  9215 | D:10     | Bought a potion of curing for 39 gold pieces
  9303 | D:10     | Learned a level 1 spell: Apportation
  9307 | D:10     | Learned a level 3 spell: Tukima's Dance
  9309 | D:10     | Learned a level 1 spell: Confusing Touch
  9351 | D:11     | Reached skill level 9 in Dodging
  9472 | D:11     | Received a gift from Nemelex Xobeh
  9620 | D:11     | Found Xecherch's Jewellery Emporium.
  9739 | D:11     | Reached skill level 1 in Translocations
  9890 | D:11     | Received a gift from Nemelex Xobeh
 10089 | Orc:1    | Killed an orc sorcerer
 10089 | Orc:1    | Reached skill level 1 in Spellcasting
 10089 | Orc:1    | Reached skill level 1 in Hexes
 10095 | Orc:1    | Killed a stone giant
 10095 | Orc:1    | Reached skill level 1 in Unarmed Combat
 10151 | Orc:2    | Entered Level 2 of the Orcish Mines
 10151 | Orc:2    | Noticed an orc knight
 10171 | Orc:1    | Killed an orc knight
 10234 | Orc:2    | Found a roughly hewn altar of Beogh.
 10296 | Orc:2    | Found a roughly hewn altar of Beogh.
 10308 | Orc:2    | Noticed an orc sorcerer
 10312 | Orc:2    | Killed an orc sorcerer
 10318 | Orc:2    | Noticed an orc knight
 10332 | Orc:2    | Noticed an orc warlord
 10336 | Orc:2    | Killed an orc knight
 10336 | Orc:2    | Reached XP level 12. HP: 44/91 MP: 16/16
 10344 | Orc:2    | Killed an orc warlord
 10361 | Orc:2    | Noticed an orc high priest
 10373 | Orc:2    | Noticed a sixfirhy
 10374 | Orc:2    | HP: 2/92 [orc sorcerer/bolt of fire (16)]
 10375 | Orc:2    | Mangled by a sixfirhy

Skill      XL: |  1  2  3  4  5  6  7  8  9 10 11 12 |
---------------+-------------------------------------+-----
Armour         | 1 3 4 5 6 7 8 |  8.2
Fighting       | 3 4 5 6 7 |  7.7
Dodging        | 4 5 6 7 8 9 |  9.0
Shields        | 3 4 5 6 |  6.0
Polearms       | 4 5 6 8 |  8.0
Invocations    | 1 2 |  2.0
Evocations     | 4 |  4.0
Translocations | 2 |  2.6
Spellcasting   | 2 3 |  3.1
Hexes          | 2 |  2.9
Unarmed Combat | 2 |  2.0
Throwing       | |  2.0

Action                   |  1- 3 |  4- 6 |  7- 9 | 10-12 || total
-------------------------+-------+-------+-------+-------++-------
Melee: Trident           |    38 |       |       |       ||    38
       Spear             |    32 |    87 |   326 |   467 ||   912
       Bite              |       |       |       |    15 ||    15
Throw: Throwing net      |     1 |     1 |     3 |     1 ||     6
       Tomahawk          |       |       |    28 |    27 ||    55
Evoke: Deck              |       |       |     9 |    34 ||    43
       Wand              |       |       |     2 |     4 ||     6
  Use: Scroll            |       |       |    13 |     3 ||    16
       Potion            |       |       |       |    14 ||    14
 Stab: Held in net/web   |     1 |       |     1 |       ||     2
       Invisible         |       |       |       |     7 ||     7
  Eat: Chunk             |       |     4 |    15 |     8 ||    27
       Fruit             |       |       |       |     3 ||     3
       Meat ration       |       |       |       |     1 ||     1
Armor: Leather armour    |     3 |       |       |       ||     3
       Robe              |     8 |     4 |       |       ||    12
       Scale mail        |       |    12 |    63 |     8 ||    83
       Chain mail        |       |       |       |   131 ||   131
Dodge: Dodged            |    40 |    45 |   113 |   182 ||   380
Block: Buckler           |       |     1 |    44 |    98 ||   143
